 Dungeon Crawl Stone Soup version 0.28-a0-413-gde365fb1df (webtiles) character file.

Game seed: 14771101193602964582

65143 lunkers the Brawler (level 14, -2/141 (146) HPs)
             Began as a Troll Cinder Acolyte on Sept 7, 2021.
             Was a High Priest of Ignis.
             Slain by a chaos spawn (3 damage)
             ... summoned by an orc sorcerer
             ... on level 1 of the Orcish Mines.
             The game lasted 00:44:27 (17549 turns).

lunkers the Brawler (Troll Cinder Acolyte)         Turns: 17549, Time: 00:44:28

HP:   -2/141 (146)  AC: 16    Str: 26    XL:     14   Next: 74%
MP:   14/14         EV:  6    Int: 10    God:    Ignis [*****.]
Gold: 2373          SH: 14    Dex:  8    Spells: 15/15 levels left

rFire   + + +      SeeInvis .     - Unarmed
rCold   . . .      Faith    .   H - +0 tower shield
rNeg    . . .      Spirit   .   R - +0 fire dragon scales
rPois   .          Reflect  .   (helmet restricted)
rElec   .          Harm     .   D - +1 cloak
rCorr   .          Rampage  .   (gloves unavailable)
Will    +....                   (boots unavailable)
Stlth   ..........              s - amulet of regeneration
HPRegen 2.33/turn               I - ring of protection from cold
MPRegen 0.14/turn               E - +4 ring of protection

@: lightly drained
A: large, unfitting armour, claws 3, regeneration 1, shaggy fur 1, tough skin 1
a: Renounce Religion, Sea of Fire, Foxfire Swarm, Rising Flame


You were on level 1 of the Orcish Mines.
You worshipped Ignis.
Ignis was extremely pleased with you.
You visited 3 branches of the dungeon, and saw 18 of its levels.
You also visited: Volcano.

You collected 3028 gold pieces.
You spent 655 gold pieces at shops.

Inventory:

Missiles
 a - 3 curare-tipped darts
 o - 3 throwing nets
Armour
 y - +0 steam dragon scales
 D - a +1 cloak (worn)
 H - a +0 tower shield (worn)
 R - +0 fire dragon scales (worn)
Jewellery
 q - a ring of poison resistance
 s - an amulet of regeneration (around neck)
 w - an amulet of guardian spirit
 B - a ring of fire
 E - a +4 ring of protection (right claw)
 F - a ring of magical power
 I - a ring of protection from cold (left claw)
 M - a ring of magical power
 P - the ring of Xom's Passing Interest {Will+ rCorr Str+3 Int+2}
   (You bought it in a shop on level 11 of the Dungeon)

   [ring of willpower]

   Str:       It affects your strength (+3).
   Int:       It affects your intelligence (+2).
   rCorr:     It protects you from acid and corrosion.
   Will:      It increases your willpower.
Wands
 f - a wand of charming (3)
 l - a wand of digging (6)
 m - a wand of iceblast (5)
 u - a wand of flame (88)
 C - a wand of acid (2)
 K - a wand of mindburst (5)
Scrolls
 b - 4 scrolls of amnesia
 g - 2 scrolls of magic mapping
 i - 9 scrolls of identify
 n - a scroll of blinking
 r - 3 scrolls of torment
 A - a scroll of fog
 O - 2 scrolls of vulnerability
 Q - 2 scrolls of fear
Potions
 c - 5 potions of mutation
 d - 2 potions of brilliance
 e - 3 potions of cancellation
 h - 2 potions of ambrosia
 j - 2 potions of flight
 k - 7 potions of curing
 p - a potion of magic
 v - 3 potions of invisibility
 x - 5 potions of lignification
 G - a potion of attraction
 J - a potion of might
 N - a potion of resistance
Miscellaneous
 L - a tin of tremorstones (inert)


   Skills:
 + Level 11.3 Fighting
 * Level 10.1 Shields
 * Level 17.6 Unarmed Combat
 - Level 1.0 Spellcasting
 - Level 2.1 Fire Magic
 + Level 5.0 Evocations


You had 15 spell levels left.
You didn't know any spells.
Your spell library contained the following spells:

 Spells                   Type           Power      Damage    Failure   Level
 Scorch                   Fire           8%         2d5       87%         2
 Blink                    Tloc           N/A        N/A       99%         2
 Static Discharge         Conj/Air       0%         N/A       99%         2
 Sublimation of Blood     Necr           0%         N/A       99%         2
 Wereblood                Tmut           0%         N/A       99%         2
 Lesser Beckoning         Tloc           0%         N/A       100%        3
 Ozocubu's Armour         Ice            0%         N/A       100%        3
 Dispel Undead            Necr           0%         3d6       100%        4
 Sticky Flame             Conj/Fire      2%         2d3       100%        4
 Summon Lightning Spire   Summ/Air       0%         N/A       100%        4
 Alistair's Intoxication  Tmut/Pois      0%         N/A       100%        5
 Borgnjor's Vile Clutch   Necr/Erth      0%         N/A       100%        5
 Fireball                 Conj/Fire      1%         3d3       100%        5
 Iskenderun's Battlesphe  Conj           0%         2d6       100%        5
 Manifold Assault         Tloc           0%         N/A       100%        5
 Metabolic Englaciation   Hex/Ice        0%         N/A       100%        5
 Conjure Ball Lightning   Conj/Air       0%         3x3d6     100%        6
 Eringya's Noxious Bog    Tmut/Pois      0%         N/A       100%        6
 Simulacrum               Ice/Necr       0%         N/A       100%        6
 Orb of Destruction       Conj           0%         N/A       100%        7
 Storm Form               Tmut/Air       0%         N/A       100%        7
 Summon Hydra             Summ           0%         N/A       100%        7
 Maxwell's Capacitive Co  Air            0%         ∞         100%        8


Dungeon Overview and Level Annotations

Branches:
Dungeon (11/15)            Temple (0/1) D:4            Lair (6/6) D:11
  Swamp (0/4) Lair:4       Spider (0/4) Lair:4        Slime (0/5) Lair:6
    Orc (1/2) D:9         Volcano (visited)

Altars:
Dithmenos
Fedhas
Gozag
Hepliaklqana
Kikubaaqudgha
Okawaru
Qazlal
Sif Muna
Trog
Vehumet
Xom
Zin
The Shining One
Beogh
Jiyva

Shops:
D:9 =   D:11 *

Annotations:
D:8 2 transporters
Lair:2 exclusion: oklob plant


Innate Abilities, Weirdness & Mutations

You are too large for most types of armour.
You have claws for hands.
Your natural rate of healing is unusually fast.
You are covered in fur. (AC +1)
You have tough skin. (AC +1)


Message History

You block the orc warrior's attack. The orc warrior barely misses you.
You block the warg's attack. The chaos spawn gores you.
* * * LOW HITPOINT WARNING * * *
Space warps horribly around you.
* * * LOW HITPOINT WARNING * * *
Unknown command.
Press < or > to pray at altars.
Unknown command.
Press < or > to pray at altars.
Unknown command.
Press < or > to pray at altars.
Unknown command.
Press < or > to pray at altars.
Unknown command.
Press < or > to pray at altars.
The tremorstone explodes into fragments!
The burst of rock shards engulfs the orc sorcerer!
The burst of rock shards engulfs the orc priest!
You kill the orc priest!
The burst of rock shards engulfs the orc warrior.
The burst of rock shards engulfs the warg!!
The burst of rock shards engulfs the orc warrior.
The burst of rock shards engulfs the warg!
You kill the warg!
The burst of rock shards engulfs the orc warrior but does no damage.
The burst of rock shards engulfs the orc!
You kill the orc!
The burst of rock shards engulfs the warg!
You kill the warg!
The burst of rock shards engulfs the orc sorcerer!
The burst of rock shards engulfs the orc warrior!
You kill the orc warrior!
The burst of rock shards engulfs you!!
* * * LOW HITPOINT WARNING * * *
The burst of rock shards engulfs the chaos spawn!
The tin is emptied!
You block the orc's attack. The warg bites you.
* * * LOW HITPOINT WARNING * * *
You block the orc warrior's attack. The orc warrior closely misses you.
The chaos spawn gores you.
You die...

# ....###..... ..
....#......# ..
...$....#.#
#.##........###.### #
.....^...##......
..#.##).....##......###
....o.....o.##......#.###
..o.#)oo†)h.#...........#
..o..#..o@...#..........##
.....)#.4.......>........#
......#.....#..###).......
....########.....##)....##
.... ##.......))).### ..
#....#.........#
##.###..<.)..###
###.#.......# #..........#


You could see a chaos spawn (summoned), a warg, an orc sorcerer (strong), 2 orc
warriors and 2 orcs.

Vanquished Creatures
  Rupert (Lair:6)
  A stone giant (Volcano)
  Snorg (Lair:3)
  Fannar (Lair:2)
  A fire dragon (Lair:6)
  An ogre mage (D:10)
  3 hydras
  A death knight (D:10)
  6 two-headed ogres
  A skeletal warrior (D:10)
  A swamp dragon (Lair:6)
  Pikel (D:9)
  An ugly thing (D:8)
  A manticore (D:11)
  2 orc knights
  6 cyclopes
  An orc sorcerer (Orc:1)
  Maurice (D:9)
  8 black mambas
  24 elephants
  7 cane toads
  An efreet (Volcano)
  A gargoyle (Volcano)
  A kobold demonologist (D:10)
  A torpor snail (Lair:5)
  12 komodo dragons
  2 rime drakes
  2 trolls
  3 polar bears
  A hornet (D:10)
  24 blink frogs
  A meliai zombie (D:11)
  3 shadows
  A redback (shapeshifter) (D:10)
  A spriggan (Lair:4)
  2 wraiths
  57 yaks
  4 basilisks
  4 wyverns
  2 fire elementals (Volcano)
  2 steam dragons
  3 wargs
  3 swamp worms (Lair:1)
  4 acid dragons (Lair:6)
  22 water moccasins
  10 orc warriors
  A hornet zombie (D:9)
  3 swamp drakes
  3 black bears
  9 wolves
  A necrophage (D:5)
  9 centaurs
  6 ogres
  A phantom (D:4)
  10 kobold brigands
  Blork the orc (D:6)
  20 bullfrogs
  2 scorpions
  2 earth elementals (Volcano)
  3 gnoll sergeants
  A wyvern skeleton (D:5)
  A water moccasin skeleton (D:5)
  12 killer bees
  4 howler monkeys (D:9)
  A bullfrog zombie (D:6)
  8 centaur zombies
  A hound (D:6)
  A jelly (D:4)
  10 orc priests
  Ijyb (D:3)
  A centaur skeleton (D:5)
  A bullfrog skeleton (D:5)
  6 iguanas
  14 orc wizards
  7 hell rats
  5 howler monkey zombies
  4 gnolls (D:10)
  13 adders
  7 river rats (Lair:2)
  2 white imps
  An ufetubus (D:7)
  2 worms (D:3)
  A dart slug (D:2)
  58 orcs
  6 endoplasms
  4 giant cockroaches
  7 goblins
  11 hobgoblins
  2 jackals (D:1)
  31 kobolds
  4 quokkas
  7 ball pythons
  9 bats
  5 frilled lizards
  5 rats
561 creatures vanquished.

Vanquished Creatures (others)
  A human (D:5)
  An orc (Orc:1)
  17 fungi
  82 plants
101 creatures vanquished.

Grand Total: 662 creatures vanquished

Notes
Turn   | Place    | Note
-------+----------+-------------------------------------------
     0 | D:1      | lunkers the Troll Cinder Acolyte began the quest for the
                  | Orb.
     0 | D:1      | Reached XP level 1. HP: 22/22 MP: 1/1
    95 | D:1      | Reached XP level 2. HP: 29/29 MP: 2/2
   852 | D:2      | Reached XP level 3. HP: 31/36 MP: 3/3
   883 | D:2      | Reached skill level 4 in Unarmed Combat
  1319 | D:2      | Reached XP level 4. HP: 45/45 MP: 4/4
  1671 | D:3      | Noticed Ijyb
  1682 | D:3      | Killed Ijyb
  1707 | D:3      | Reached skill level 5 in Unarmed Combat
  1804 | D:3      | Reached XP level 5. HP: 48/53 MP: 5/5
  2196 | D:3      | Found a glowing golden altar of the Shining One.
  2196 | D:3      | Found a radiant altar of Vehumet.
  2507 | D:4      | Reached skill level 6 in Unarmed Combat
  2507 | D:4      | Reached XP level 6. HP: 57/62 MP: 6/6
  2634 | D:4      | Found a staircase to the Ecumenical Temple.
  2654 | D:4      | Reached XP level 7. HP: 70/70 MP: 7/7
  2778 | D:4      | Found a glowing silver altar of Zin.
  2779 | D:4      | Found an opulent altar of Gozag.
  2905 | D:5      | Entered Level 5 of the Dungeon
  2906 | D:5      | Noticed a wyvern
  2913 | D:5      | Killed a wyvern
  2914 | D:5      | Reached skill level 7 in Unarmed Combat
  2961 | D:5      | Found an ancient bone altar of Kikubaaqudgha.
  2976 | D:5      | Noticed a human
  2978 | D:5      | Killed a human
  3039 | D:5      | Reached skill level 8 in Unarmed Combat
  3142 | D:5      | Reached skill level 5 in Fighting
  3142 | D:5      | Reached XP level 8. HP: 71/80 MP: 8/8
  3408 | D:5      | Reached skill level 9 in Unarmed Combat
  3944 | D:6      | Noticed Blork the orc
  3961 | D:6      | Reached skill level 10 in Unarmed Combat
  4015 | D:6      | Found a shimmering blue altar of Sif Muna.
  4015 | D:6      | Found a stormy altar of Qazlal.
  4145 | D:6      | Reached XP level 9. HP: 92/92 MP: 9/9
  4207 | D:6      | Killed Blork the orc
  4797 | D:7      | Reached skill level 11 in Unarmed Combat
  5402 | D:8      | Found a transporter.
  5409 | D:8      | Noticed a centaur warrior
  5442 | D:8      | Noticed a brown ugly thing
  5469 | D:8      | Killed a brown ugly thing
  5520 | D:8      | Reached XP level 10. HP: 90/102 MP: 10/10
  5567 | D:8      | Found a shimmering altar of Xom.
  5568 | D:8      | Noticed a deep elf pyromancer
  5571 | D:8      | Found a transporter.
  5908 | D:9      | Found Ingophushro's Jewellery Shoppe.
  5912 | D:9      | Reached skill level 12 in Unarmed Combat
  6216 | D:9      | Found a staircase to the Orcish Mines.
  6664 | D:9      | Noticed Maurice
  6678 | D:9      | Killed Maurice
  6708 | D:9      | Noticed Pikel
  6719 | D:9      | Killed Pikel
  6720 | D:9      | Reached skill level 13 in Unarmed Combat
  6983 | D:9      | Noticed a two-headed ogre
  6988 | D:9      | Killed a two-headed ogre
  6994 | D:9      | Bought a +4 ring of protection for 540 gold pieces
  7232 | D:9      | Noticed a two-headed ogre
  7239 | D:9      | Reached XP level 11. HP: 110/113 MP: 11/11
  7243 | D:9      | Killed a two-headed ogre
  7343 | D:9      | Noticed a two-headed ogre
  7352 | D:9      | Killed a two-headed ogre
  7353 | D:9      | Reached skill level 14 in Unarmed Combat
  7583 | D:9      | Found an iron altar of Okawaru.
  7584 | D:9      | Found a shadowy altar of Dithmenos.
  7585 | D:9      | Found a bloodstained altar of Trog.
  7586 | D:9      | Found a blossoming altar of Fedhas.
  7740 | D:10     | Entered Level 10 of the Dungeon
  7800 | D:10     | Reached skill level 1 in Shields
  7994 | D:10     | Noticed a two-headed ogre
  8012 | D:10     | Killed a two-headed ogre
  8329 | D:10     | Noticed a two-headed ogre
  8344 | D:10     | Killed a two-headed ogre
  8429 | D:10     | Noticed a two-headed ogre
  8497 | D:10     | Killed a two-headed ogre
  8588 | D:10     | Noticed a skeletal warrior
  8689 | D:10     | Killed a skeletal warrior
  8806 | D:10     | Noticed an ogre mage
  8811 | D:10     | Reached skill level 15 in Unarmed Combat
  8811 | D:10     | Reached XP level 12. HP: 97/124 MP: 12/12
  8811 | D:10     | Noticed a death knight
  8896 | D:10     | Paralysed by something for 7 turns
  8913 | D:10     | Killed an ogre mage
  9147 | D:10     | Killed a death knight
  9388 | D:10     | Found the +9 staff of Olgreb {rPois∞}
  9505 | D:11     | Found a hazy altar of Hepliaklqana.
  9583 | D:11     | Reached skill level 5 in Shields
  9781 | D:11     | Found a staircase to the Lair.
  9867 | D:11     | Found Daved's Assorted Antiques.
  9876 | D:11     | Bought a bound amber ring for 115 gold pieces
  9876 | D:11     | Identified the ring of Xom's Passing Interest {Will+ rCorr
                  | Str+3 Int+2} (You bought it in a shop on level 11 of the
                  | Dungeon)
 10041 | D:11     | Reached skill level 10 in Fighting
 10059 | D:11     | Identified a scroll of acquirement
 10059 | D:11     | Acquired 1243 gold pieces
 10394 | Lair:1   | Entered Level 1 of the Lair of Beasts
 10481 | Lair:1   | You fall into a shaft and drop 1 floor!
 10540 | Lair:2   | Reached skill level 1 in Evocations
 10927 | Lair:1   | Reached skill level 16 in Unarmed Combat
 10952 | Lair:1   | Reached XP level 13. HP: 96/133 MP: 13/13
 11253 | Lair:1   | Found the +8 whip "Snakebite" {venom, curare, rPois}
 11312 | Lair:1   | Identified the +5 rapier of the Real Monster {chaos, Fly
                  | MP+9 Str-5 Int+5}
 11374 | Lair:1   | Identified the +6 short sword "Ilunil" {drain, rC- rN+
                  | Str+4 Int+2}
 11717 | Lair:2   | Noticed Fannar
 11731 | Lair:2   | Killed Fannar
 12586 | Lair:3   | Noticed Snorg
 12604 | Lair:3   | Killed Snorg
 13644 | Lair:4   | Found a dark tunnel.
 13675 | Volcano  | Entered a volcano
 13693 | Volcano  | Noticed a stone giant
 13703 | Volcano  | Killed a stone giant
 13910 | Lair:4   | Found a hole to the Spider Nest.
 14284 | Lair:4   | Found a staircase to the Swamp.
 14496 | Lair:4   | You fall into a shaft and drop 2 floors!
 14496 | Lair:6   | Entered Level 6 of the Lair of Beasts
 14740 | Lair:6   | Reached XP level 14. HP: 142/144 MP: 12/14
 14764 | Lair:6   | Noticed Rupert
 14771 | Lair:6   | Paralysed by Rupert for 4 turns
 14858 | Lair:6   | Killed Rupert
 14859 | Lair:6   | Reached skill level 17 in Unarmed Combat
 14944 | Lair:6   | Found a staircase to the Slime Pits.
 14945 | Lair:6   | Found a viscous altar of Jiyva.
 17142 | Lair:5   | Reached skill level 10 in Shields
 17456 | Orc:1    | Entered Level 1 of the Orcish Mines
 17463 | Orc:1    | Reached skill level 5 in Evocations
 17549 | Orc:1    | HP: 1/141 [shot self (19)]
 17549 | Orc:1    | Slain by a chaos spawn

Illustrated notes

Levels and vault maps discovered:
D:1:      minmay_arrival_checkered_box, layout_basic,
          hangedman_decor_clover_reticule, nrook_campfire,
          minmay_misc_feat_secret_circle
D:2:      kb_forest_paths, layout_basic
D:3:      minmay_door_path, layout_loops_cross, gammafunk_temple_overflow_pools,
          uniq_ijyb
D:4:      layout_rooms, grunt_temple_overflow_gold_and_silver,
          minmay_temple_entry_slanted, minivault_4
D:5:      layout_basic, tgw_kikubaaqudgha, minivault_4
D:6:      layout_loops_ring, gammafunk_temple_overflow_wave, st_stairs_6,
          hangedman_decor_growths, uniq_blork_the_orc
D:7:      layout_loops_cross
D:8:      layout_cave_pools, gammafunk_temple_overflow_arena, hex_large,
          st_stairs_7
D:9:      kennysheep_windowed_halls, layout_basic, mainiacjoe_overflow_alcove_3,
          erik_orc_3, serial_shops, shop, minmay_misc_feat_roman, uniq_maurice,
          uniq_pikel
D:10:     minmay_the_grid_octo_2x2 [minmay_the_grid_octo_fat_diamond,
          minmay_the_grid_octo_checkered, minmay_the_grid_octo_thin_diamonds,
          minmay_the_grid_octo_prize_single_spiral], layout_cross
D:11:     layout_loops_cross, lair_entry_dummy, serial_shops, shop, special_room
          [special_room_orc], nicolae_hepliaklqana_hazy_memory
Lair:1:   minmay_guarded_unrand_snakebite, layout_loops_ring, worms_lemuel,
          lemuel_fruit_fields, infiniplex_staircase_pool_2,
          serial_bayou_shore_b, lemuel_fruit_fields
Lair:2:   layout_small_grid, kennysheep_rathole, infiniplex_staircase_pool,
          uniq_fannar
Lair:3:   layout_cellular_growth, hangedman_lair_unloving_vines, uniq_snorg
Lair:4:   layout_loops_ring, minmay_swamp_entry_reptiles,
          spider_nest_entry_web_field, nicolae_volcano_entry_hallway,
          forest_entry_grove, lemuel_fruit_fields
Lair:5:   layout_hall_layers, hibernation_bobbens, grunt_megastairs_4
Lair:6:   guppyfry_lair_end_dragon, layout_layer_cave, slime_altar_1,
          grunt_megastairs_3, uniq_rupert
Orc:1:    layout_diamond_mine, basic_altar

Skill      XL: |  1  2  3  4  5  6  7  8  9 10 11 12 13 14 |
---------------+-------------------------------------------+-----
Unarmed Combat | 4 5 6 8 10 11 13 15 16 17 | 17.6
Fighting       | 3 4 5 6 7 8 9 10 11 | 11.3
Shields        | 4 6 8 10 | 10.1
Evocations     | 2 3 5 |  5.0
Spellcasting   | |  1.0
Fire Magic     | |  2.1

Action                   |  1- 3 |  4- 6 |  7- 9 | 10-12 | 13-15 || total
-------------------------+-------+-------+-------+-------+-------++-------
Melee: Unarmed           |   138 |   120 |   203 |   680 |   670 ||  1811
       Punch             |     1 |       |     9 |    16 |       ||    26
Evoke: Wand              |       |       |     5 |     6 |    38 ||    49
       Tin of tremorston |       |       |       |       |     4 ||     4
  Use: Scroll            |       |       |       |    23 |     5 ||    28
       Potion            |       |       |       |       |     3 ||     3
 Stab: Distracted        |       |       |       |     1 |       ||     1
Armor: Robe              |    63 |    30 |    36 |       |       ||   129
       Steam dragon scal |       |       |    30 |   295 |   107 ||   432
       Fire dragon scale |       |       |       |       |   164 ||   164
Dodge: Dodged            |    70 |    47 |    88 |   177 |   132 ||   514
Block: Tower shield      |       |       |       |   303 |   486 ||   789

Table legend: (Time is in decaauts)
 A = Elapsed time spent in this place.
 B = Non-inter-level travel time spent in this place.
 C = Inter-level travel time spent in this place.
 D = Time resting spent in this place.
 E = Time spent auto-exploring this place.
 F = Levels seen in this place.
 G = Mean time per level.
                   A        B        C        D        E       F      G
               +--------+--------+--------+--------+--------+-----+--------+
         Total |  17496 |  16732 |    764 |    935 |  11478 |  19 |  920.8 |
       Dungeon |  10389 |   9912 |    477 |    561 |   6927 |  11 |  944.5 |
          Lair |   6793 |   6507 |    286 |    356 |   4477 |   6 | 1132.2 |
  Orcish Mines |     89 |     89 |      0 |      0 |     56 |   1 |   89.0 |
       Volcano |    223 |    223 |      0 |     18 |     17 |   1 |  223.0 |
               +--------+--------+--------+--------+--------+-----+--------+

Top non-repeatable levels by time:
     D:9: 1931 daAuts
  Lair:6: 1859 daAuts
    D:10: 1544 daAuts
  Lair:2: 1329 daAuts
  Lair:3: 991 daAuts
  Lair:4: 962 daAuts
    D:11: 955 daAuts
  Lair:1: 951 daAuts
     D:2: 841 daAuts
     D:3: 825 daAuts
     D:5: 808 daAuts
     D:7: 780 daAuts
     D:6: 758 daAuts
     D:8: 727 daAuts
     D:1: 709 daAuts
